 Dungeon Crawl Stone Soup version 0.14-a0-2746-g43b4f9c (webtiles) character file.

3435 Psiweapon the Basher (level 9, -13/55 HPs)
             Began as a Gargoyle Fighter on Feb 22, 2014.
             Was a Follower of Okawaru.
             Mangled by a large abomination (20 damage)
             ... on Level 1 of the Abyss on Feb 23, 2014.
             The game lasted 00:50:51 (7533 turns).

Psiweapon the Basher (Gargoyle Fighter)             Turns: 7533, Time: 00:50:51

HP -13/55        AC 23     Str 23      XL: 9   Next: 94%
MP   3/12        EV  5     Int  5      God: Okawaru [*.....]
Gold 269         SH 21     Dex  8      Spells:  0 memorised,  8 levels left

rFire  . . .     SeeInvis .     s - +9,+8 mace "Yrocep" {venom, rN+ MR++ Int-4}
rCold  + . .     Clarity  .     x - +0 plate armour
rNeg   + + +     Conserve .     c - +0 shield
rPois  +         rCorr    .     (no helmet)
rElec  +         rRot     +     (no cloak)
SustAb . .       Spirit   .     (no gloves)
rMut   .         Warding  +     Q - +0 pair of boots
Saprov . . .     Stasis   .     P - amulet of warding
MR     ++...                    (no ring)
                                B - ring of protection from cold

@: hasted, very quick, very resistant to hostile enchantments, extremely
unstealthy
A: rough black scales 1, low mp 1, life protection 1, electricity resistance,
wild magic 1, unbreathing, petrification resistance, AC +5
a: Heroism, Renounce Religion


You were on level 1 of the Abyss.
You worshipped Okawaru.
Okawaru was aware of your devotion.
You were hungry.

You visited 2 branches of the dungeon, and saw 9 of its levels.
You visited the Abyss 1 time.

You collected 353 gold pieces.
You spent 84 gold pieces at shops.

Inventory:

Hand weapons
 l - a cursed +0,+0 flail
 s - the +9,+8 mace "Yrocep" (weapon) {venom, rN+ MR++ Int-4}
   (You found it on level 1 of the Abyss)

   It poisons the flesh of those it strikes.
   It affects your intelligence (-4).
   It protects you from negative energy.
   It affects your resistance to hostile enchantments.
 G - a +1,+2 mace of crushing
 H - a +0 orcish blowgun
 I - a +1,+0 hand axe of electrocution
 K - a +2,+2 hammer of crushing
 L - a +0,+0 flail
Missiles
 a - 10 exploding darts
 e - 16 darts
 h - 17 sling bullets
 q - 57 poisoned needles
 y - 7 tomahawks (quivered)
Armour
 c - a +0 shield (worn)
 m - a +0 chain mail
 x - a +0 plate armour (worn)
 Q - a +0 pair of boots (worn)
Magical devices
 o - a wand of flame (0)
 r - a wand of cold (1)
 N - a wand of flame (2)
 R - a wand of confusion (10)
 U - a wand of digging (8)
 W - a wand of lightning (2)
Comestibles
 d - 3 bread rations
 j - 4 meat rations
 p - 2 pears
 u - a choko
Scrolls
 b - a scroll of identify
 g - a scroll of noise {unknown}
 i - a scroll of enchant armour
 k - 4 scrolls of remove curse {unknown}
 t - 2 scrolls of blinking {unknown}
 z - 2 scrolls of amnesia
 F - 2 scrolls of curse weapon {unknown}
 J - 2 scrolls of curse jewellery {unknown}
 M - a scroll of recharging {unknown}
 O - a scroll of enchant weapon II {unknown}
 S - a scroll of fear {unknown}
 T - a scroll of teleportation
 V - a scroll of vulnerability {unknown}
Jewellery
 B - a ring of protection from cold (left hand)
 C - an uncursed ring of wizardry
 P - an amulet of warding (around neck)
Potions
 w - 3 potions of brilliance
 A - a potion of agility
 E - a potion of might
 X - 2 potions of paralysis


   Skills:
 + Level 6.0 Fighting
 - Level 10.6 Maces & Flails
 + Level 6.5 Armour
 + Level 6.6 Shields
 - Level 3.8 Evocations


You had 8 spell levels left.
You didn't know any spells.

Dungeon Overview and Level Annotations

Branches:
Dungeon (8/16)             Temple (1/1) D:7
   Lair: D:8-11

Altars:
Ashenzari
Kikubaaqudgha
Nemelex Xobeh
Okawaru
Trog
Vehumet
Xom
Zin

Shops:
D:8 *

Annotations:
D:5 Elizilla's ghost, experienced FoFi
D:8 Psyche


Innate Abilities, Weirdness & Mutations

You are resistant to torment.
You are immune to poison.
Your stone body is very resilient (AC +5).
You resist negative energy.
You are resistant to electric shocks.
You can survive without breathing.
You are immune to petrification.
You are partially covered in rough black scales (AC +4, Dex -1).
Your magical capacity is low (-10% MP).
Your spells are a little harder to cast, but a little more powerful.


Message History

The large abomination hits you! The smoke demon gestures at you.
The ball of steam hits you!
The large abomination is engulfed in a cloud of scalding steam.
The large abomination is engulfed in a cloud of scalding steam.
An ice beast comes into view.
The smoke demon gestures at you. Something smites you!
* * * LOW HITPOINT WARNING * * *
An eye of draining comes into view.
Drink which item? (? for menu, Esc to quit)
You feel better.
The eye of draining turns its gaze towards you.
The smoke demon gestures at you. Something smites you!
* * * LOW HITPOINT WARNING * * *
The eye of draining stares at you. The ice beast barely misses you.
Drink which item? (? for menu, Esc to quit)
You feel yourself speed up. The large abomination hits you!
You die...

### # #### ##. ... ... #
.# ..#. ## ##.# #..##..#
..# #......# # .#
..##.### #....#..#
#..#.....##.. #.......#
..##..#..#.#3
#.......###..#..#§..# ..
#............#.#...§.§..
#......@#####..3...# .#.
#.G.....X....#........ .
#.......I....##......#.
#............###......#.
#............# ...... #
.......###### ....## #
#.##.#. ..# . # .. . ..#
#


You could see a large abomination, an eye of draining and an ice beast.

Vanquished Creatures
  A smoke demon (Abyss:1)
  A raiju (Abyss:1)
  Eustachio (D:7)
  A hippogriff (D:7)
  2 necrophages (D:8)
  4 ice beasts
  2 orc warriors (D:7)
  3 ogres
  A sky beast (D:8)
  A centaur (D:7)
  A cyclops zombie (D:8)
  A gnoll sergeant (D:7)
  A troll skeleton (D:8)
  6 crimson imps
  A quasit (D:7)
  A centaur zombie (D:3)
  A hound (D:7)
  An iron imp (D:7)
  A gnoll shaman (D:7)
  A giant frog skeleton (D:4)
  An iguana (D:5)
  4 orc wizards
  2 scorpions
  3 worker ants
  Ijyb (D:4)
  2 mummies
  A worker ant zombie (D:6)
  14 gnolls
  6 adders
  3 worms
  An ufetubus (D:7)
  An adder skeleton (D:6)
  2 grey rats (D:7)
  5 giant geckos
  16 orcs
  7 bats
  11 goblins
  16 hobgoblins
  14 jackals
  6 giant cockroaches
  7 giant newts
  A hobgoblin skeleton (D:6)
  16 kobolds
  A kobold skeleton (D:8)
  A kobold zombie (D:6)
  2 orc skeletons (D:4)
  7 quokkas
  17 rats
  A rat skeleton (D:3)
201 creatures vanquished.

Vanquished Creatures (others)
  A kobold skeleton (D:7)
1 creature vanquished.

Grand Total: 202 creatures vanquished

Notes
Turn   | Place    | Note
--------------------------------------------------------------
     0 | D:1      | Psiweapon, the Gargoyle Fighter, began the quest for the Orb.
     0 | D:1      | Reached XP level 1. HP: 14/14 MP: 1/1
    98 | D:1      | Reached XP level 2. HP: 17/19 MP: 2/2
   509 | D:1      | Reached XP level 3. HP: 19/23 MP: 3/3
  1005 | D:2      | Reached skill level 4 in Shields
  1033 | D:2      | Reached XP level 4. HP: 26/29 MP: 4/4
  1116 | D:2      | Found a glowing silver altar of Zin.
  1355 | D:2      | Reached XP level 5. HP: 31/33 MP: 5/5
  2721 | D:4      | Reached XP level 6. HP: 35/38 MP: 6/6
  2772 | D:4      | Noticed Ijyb
  2822 | D:4      | Killed Ijyb
  3294 | D:4      | Reached skill level 5 in Maces & Flails
  3371 | D:5      | Entered Level 5 of the Dungeon
  3832 | D:5      | Reached skill level 6 in Maces & Flails
  3832 | D:5      | Reached XP level 7. HP: 28/43 MP: 7/7
  4053 | D:5      | Noticed Elizilla's ghost (experienced FoFi)
  4099 | D:6      | Reached skill level 7 in Maces & Flails
  4364 | D:6      | Reached skill level 8 in Maces & Flails
  4364 | D:6      | Reached XP level 8. HP: 40/48 MP: 8/8
  4813 | D:6      | Reached skill level 9 in Maces & Flails
  5371 | D:7      | Reached skill level 10 in Maces & Flails
  5371 | D:7      | Reached skill level 1 in Evocations
  5376 | D:7      | Found a staircase to the Ecumenical Temple.
  5452 | D:7      | Noticed Eustachio
  5452 | D:7      | Noticed a hippogriff
  5455 | D:7      | Found a radiant altar of Vehumet.
  5460 | D:7      | Killed a hippogriff
  5484 | D:7      | Killed Eustachio
  5484 | D:7      | Reached XP level 9. HP: 21/52 MP: 12/14
  6105 | D:7      | Reached skill level 5 in Shields
  6264 | Temple   | Entered the Ecumenical Temple
  6338 | Temple   | Became a worshipper of Warmaster Okawaru
  6458 | D:7      | Reached skill level 5 in Armour
  6829 | D:8      | Found Klaqej's Elemental Accessories.
  6848 | D:8      | Gained mutation: Your spells are a little harder to cast, but a little more powerful. [mutagenic meat]
  6849 | D:8      | Gained mutation: You are partially covered in rough black scales (AC +4, Dex -1). [mutagenic meat]
  6850 | D:8      | Gained mutation: Your magical capacity is low (-10% MP). [mutagenic meat]
  6858 | D:8      | Bought a wand of lightning (2) for 84 gold pieces
  6918 | D:8      | Reached skill level 5 in Fighting
  7083 | D:8      | Noticed Psyche
  7094 | D:8      | Cast into the Abyss (Psyche)
  7232 | Abyss:1  | Noticed an iron dragon skeleton
  7268 | Abyss:1  | Noticed a raiju
  7296 | Abyss:1  | Killed a raiju
  7328 | Abyss:1  | Noticed a smoke demon
  7341 | Abyss:1  | Killed a smoke demon
  7341 | Abyss:1  | Acquired Okawaru's first power
  7471 | Abyss:1  | Noticed a large abomination
  7506 | Abyss:1  | Got a jewelled mace
  7510 | Abyss:1  | Noticed a smoke demon
  7512 | Abyss:1  | Noticed a large abomination
  7519 | Abyss:1  | Identified the +9,+8 mace "Yrocep" {venom, rN+ MR++ Int-4} (You found it on level 1 of the Abyss)
  7533 | Abyss:1  | Mangled by a large abomination

Action                   |  1- 3 |  4- 6 |  7- 9 || total
-------------------------+-------+-------+-------++-------
Melee: Mace              |   146 |   106 |   384 ||   636
       Flail             |       |   154 |       ||   154
       Hammer            |       |    23 |       ||    23
 Fire: Blowgun           |       |       |    19 ||    19
Throw: Tomahawk          |       |     9 |    24 ||    33
Evoke: Wand              |       |     5 |    15 ||    20
  Use: Scroll            |       |     6 |     7 ||    13
       Potion            |       |       |     4 ||     4
